 Dungeon Sprint DCSS version 0.24-a0-479-g9a978d2 (webtiles) character file.

Game seed: 5270779380415334443

610 stupendous the Carver (level 7, -1/55 HPs)
             Began as a Formicid Fighter on July 8, 2019.
             Was a Follower of Okawaru.
             Slain by a centaur warrior (12 damage)
             ... in the Dungeon (Sprint I: "Red Sonja").
             The game lasted 00:01:29 (699 turns).

stupendous the Carver (Formicid Fighter)             Turns: 699, Time: 00:01:30

Health: -1/55      AC:  8    Str: 26    XL:     7   Next: 72%
Magic:  5/7        EV: 13    Int:  7    God:    Okawaru [*.....]
Gold:   297        SH: 14    Dex: 12    Spells: 6/6 levels left

rFire    . . .     SeeInvis +   a - +0 long sword
rCold    . . .     Gourm    .   c - +0 shield
rNeg     . . .     Faith    .   b - +0 scale mail
rPois    .         Spirit   .   (helmet unavailable)
rElec    .         Reflect  .   (no cloak)
rCorr    .         Harm     .   (no gloves)
MR       .....                  (no boots)
Stlth    +.........             (no amulet)
HPRegen  0.18/turn              (no ring)
MPRegen  0.10/turn              (no ring)

@: mighty, heroism
A: permanent stasis, dig shafts and tunnels, four strong arms, antennae 3
a: Dig, Heroism, Renounce Religion


You were in the Dungeon.
You worshipped Okawaru.
Okawaru was aware of your devotion.
You were not hungry.

You visited 1 branch You collected 297 gold pieces.

Inventory:

Hand Weapons
 a - a +0 long sword (weapon)
Armour
 b - a +0 scale mail (worn)
 c - a +0 shield (worn)
Scrolls
 k - a scroll of blinking
 m - a scroll of identify {unknown}
Potions
 e - a potion of curing
 h - a potion of haste
 i - 2 potions of magic
 j - a potion of berserk rage
 l - a potion of agility {unknown}
Comestibles
 f - a ration


   Skills:
 - Level 4.5(9.5) Fighting
 * Level 13.1(18.1) Long Blades
 - Level 4.5(9.5) Armour
 - Level 9.1(14.1) Shields


You had 6 spell levels left.
You didn't know any spells.
Your spell library was empty.

Dungeon Overview and Level Annotations

Branches:
Dungeon (1/1)

Altars:
Cheibriados
Dithmenos
Elyvilon
Fedhas
Gozag
Hepliaklqana
Kikubaaqudgha
Makhleb
Nemelex Xobeh
Okawaru
Qazlal
Ru
Sif Muna
Trog
Uskayaw
Vehumet
Wu Jian
Xom
Yredelemnul
Zin
The Shining One
Jiyva
Lugonu

Shops:
D }


Innate Abilities, Weirdness & Mutations

You cannot be hasted, slowed, berserked, paralysed or teleported.
You can dig through walls and to a lower floor.
Your four strong arms can wield two-handed weapons with a shield.
You have a pair of large antennae on your head. (SInv)


Message History

The centaur warrior is lightly wounded.
The centaur warrior hits you.
You slash the centaur warrior!
The centaur warrior is lightly wounded.
The centaur warrior unwields a +0 shortbow.
You block the centaur warrior's attack. x2; The centaur warrior hits you. x2
You see here an arrow.
Okay, then.
You slash the centaur warrior!
The centaur warrior is moderately wounded.
The centaur warrior hits you!
* * * LOW HITPOINT WARNING * * *
The centaur warrior hits you but does no damage.
You slash the centaur warrior!
The centaur warrior is heavily wounded.
The centaur warrior hits you but does no damage.
You block the centaur warrior's attack.
You gain the combat prowess of a mighty hero.
The centaur warrior hits you!
You die...

###################
#<.#[.'.(#.)'..#__#
#..'.)#..'..#..'^.+
#..#####c@####'#__# ##
#..####..#c..#.####§(#
#..#__.###..##(#c§§§§#
#..#_____##'#_('c§§c§+
#⌠⌠#_.∩...+.(.c#≈≈≈c§#
####_..__##_.#'##+####
#_____###+#[# #######
### {


You could see 2 centaur warriors.

Vanquished Creatures
  A slime creature (D)
  Sigmund (D)
  A yak (D)
  An ogre (D)
  A jelly (D)
  Ijyb (D)
6 creatures vanquished.

Notes
Turn   | Place    | Note
-------+----------+-------------------------------------------
     0 | D        | stupendous the Formicid Fighter began the quest for the
                  | Orb.
     0 | D        | Reached XP level 1. HP: 18/18 MP: 1/1
     1 | D        | Noticed Ijyb
    24 | D        | Killed Ijyb
    24 | D        | Reached skill level 3 in Long Blades
    24 | D        | Reached skill level 5 in Shields
    24 | D        | Reached XP level 2. HP: 25/26 MP: 2/2
    24 | D        | Reached XP level 3. HP: 30/31 MP: 3/3
    26 | D        | Noticed an ogre
    34 | D        | Killed an ogre
    34 | D        | Reached skill level 6 in Long Blades
    34 | D        | Reached XP level 4. HP: 19/38 MP: 4/4
    34 | D        | Reached XP level 5. HP: 22/43 MP: 5/5
   188 | D        | Found a glowing silver altar of Zin.
   188 | D        | Found a white marble altar of Elyvilon.
   188 | D        | Found a bloodstained altar of Trog.
   188 | D        | Found a blossoming altar of Fedhas.
   188 | D        | Found an iron altar of Okawaru.
   188 | D        | Found a stormy altar of Qazlal.
   188 | D        | Found a glowing golden altar of the Shining One.
   188 | D        | Found Guext's Gadget Emporium.
   188 | D        | Found an ancient bone altar of Kikubaaqudgha.
   188 | D        | Found a hide-covered altar of Uskayaw.
   188 | D        | Found a hazy altar of Hepliaklqana.
   188 | D        | Found a basalt altar of Yredelemnul.
   188 | D        | Found a snail-covered altar of Cheibriados.
   188 | D        | Found an opulent altar of Gozag.
   188 | D        | Found a sacrificial altar of Ru.
   188 | D        | Found a sparkling altar of Nemelex Xobeh.
   188 | D        | Found a shadowy altar of Dithmenos.
   188 | D        | Noticed a yak
   190 | D        | Became a worshipper of Warmaster Okawaru
   204 | D        | Killed a yak
   204 | D        | Reached skill level 9 in Long Blades
   204 | D        | Reached XP level 6. HP: 15/49 MP: 6/6
   418 | D        | Noticed Sigmund
   429 | D        | Killed Sigmund
   429 | D        | Reached skill level 11 in Long Blades
   429 | D        | Reached XP level 7. HP: 40/55 MP: 7/7
   519 | D        | Found a burning altar of Makhleb.
   519 | D        | Found a viscous altar of Jiyva.
   519 | D        | Found a shimmering altar of Xom.
   519 | D        | Found a corrupted altar of Lugonu.
   519 | D        | Noticed a slime creature
   528 | D        | Killed a slime creature
   528 | D        | Reached * piety under Okawaru
   528 | D        | Reached skill level 12 in Long Blades
   633 | D        | Found an ornate altar of the Wu Jian Council.
   633 | D        | Found a deep blue altar of Sif Muna.
   635 | D        | Found a radiant altar of Vehumet.
   639 | D        | Reached skill level 13 in Long Blades
   672 | D        | Noticed a centaur warrior
   680 | D        | Noticed a centaur warrior
   699 | D        | Slain by a centaur warrior

Levels and vault maps discovered:
D:        dungeon_sprint_1 [red_sonja_temple_1, red_sonja_temple_small_1]

Skill      XL: |  1  2  3  4  5  6  7 |
---------------+----------------------+-----
Fighting       | 4 |  4.5
Long Blades    | 3 6 9 11 13 | 13.1
Armour         | 4 |  4.5
Shields        | 5 7 9 |  9.1

Action                   |  1- 3 |  4- 6 |  7- 9 || total
-------------------------+-------+-------+-------++-------
Melee: Unarmed           |    16 |       |       ||    16
       Long sword        |     7 |    24 |    16 ||    47
Invok: Heroism           |       |       |     1 ||     1
 Abil: Dig               |       |     1 |     1 ||     2
  Use: Potion            |     1 |       |     1 ||     2
 Stab: Confused          |     2 |       |       ||     2
Armor: Skin              |     2 |       |       ||     2
       Scale mail        |     1 |     3 |     4 ||     8
Dodge: Dodged            |     7 |     5 |     4 ||    16
Block: Shield            |       |    10 |     8 ||    18
       Rpst.: Long sword |       |       |     1 ||     1

Table legend:
 A = Non-vault XP
 B = Vault XP
 C = Vault XP percentage of total XP
 D = Non-vault monster count
 E = Vault monster count
 F = Vault count percentage of total count
                 A         B        C        D         E       F
            +---------+---------+-------+---------+---------+-------
      Total |       0 |     872 | 100.0 |       0 |       6 | 100.0
            +---------+---------+-------+---------+---------+-------
          D |       0 |     872 | 100.0 |       0 |       6 | 100.0
            +---------+---------+-------+---------+---------+-------
